 Dungeon Sprint DCSS version 0.31-a0-345-g1ebeae05c6 (webtiles) character file.

Game seed: 11893469692086167017

19089 rocky1 the Brawler (level 12, -21/127 HPs)
             Began as a Grey Draconian Shapeshifter on July 23, 2023.
             Was an Initiate of Gozag.
             Killed from afar by a red draconian scorcher (47 damage)
             ... with a searing blast
             ... in the Dungeon (Sprint VII: "The Pits").
             The game lasted 00:16:00 (5546 turns).

rocky1 the Brawler (Grey Draconian Shapeshifter)    Turns: 5546, Time: 00:16:01

Health: -21/127    AC: 13    Str: 18    XL:     12   Next: 33%
Magic:  12/12      EV: 26    Int: 12    God:    Gozag
Gold:   3474       SH:  0    Dex: 19    Spells: 11/11 levels left

rFire   . .          .
                       - Unarmed
rCold   . . .        (no shield)
rNeg    . . .        (body armour unavailable)
rPois   .            (helmet currently unavailable)
rElec   .            (cloak currently unavailable)
rCorr   .            (gloves currently unavailable)
SInv    .            (boots currently unavailable)
Will    .....        m - amulet of regeneration
Stlth   ++           A - +5 ring of evasion
HPRegen 1.21/turn    B - +6 ring of dexterity
MPRegen 0.13/turn

%: no teleportation
@: lethally poisoned (-21 -> -22), beast-form, gold aura, unable to drink
A: beast (slay +7), AC +13, amphibious, unfitting armour, cold-blooded, horns 1,
inability to drink after injury 1
a: Begin Untransformation, Renounce Religion, Potion Petition, Call Merchant,
Bribe Branch


You were in the Dungeon.
You worshipped Gozag.
Gozag was most pleased with you.
You were a hulking beast.
You visited 1 branch You collected 8080 gold pieces.
You spent 1530 gold pieces at shops.
You paid 3076 gold pieces to Gozag.

Inventory:

Missiles
 n - 10 javelins
 o - 9 boomerangs (quivered)
Jewellery
 e - a +3 ring of evasion
 g - a +3 ring of evasion
 m - an amulet of regeneration (around neck)
 p - a ring of wizardry
 q - an amulet of guardian spirit
 s - a ring of willpower
 u - an amulet of reflection
 A - a +5 ring of evasion (left hand)
 B - a +6 ring of dexterity (right hand)
Talismans
 b - a beast talisman
Wands
 t - a wand of charming (2)
 C - a wand of roots (2)
Scrolls
 h - 2 scrolls of blinking
 j - 5 scrolls of amnesia
 k - a scroll of summoning
 w - 2 scrolls of enchant armour
 x - 4 scrolls of enchant weapon
 y - a scroll of fog
 z - a scroll of fear
Potions
 a - a potion of lignification
 c - 9 potions of curing
 d - 9 potions of heal wounds
 f - 4 potions of magic
 i - 3 potions of invisibility
 l - 2 potions of might
 r - a potion of attraction
 v - 3 potions of berserk rage


   Skills:
 + Level 17.6 Fighting
 + Level 8.5 Throwing
 + Level 12.9 Dodging
 * Level 19.0 Unarmed Combat
 - Level 11.2 Shapeshifting


You had 11 spell levels left.
You didn't know any spells.
Your spell library contained the following spells:

 Spells                   Type           Power      Damage    Failure   Level
 Call Canine Familiar     Summ           0%         N/A       69%         3
 Portal Projectile        Hex/Tloc       0%         N/A       69%         3
 Leda's Liquefaction      Hex/Erth       0%         N/A       97%         4


Dungeon Overview and Level Annotations

Branches:
Dungeon (1/1)

Altars:
Ashenzari
Cheibriados
Dithmenos
Elyvilon
Fedhas
Gozag
Hepliaklqana
Kikubaaqudgha
Makhleb
Nemelex Xobeh
Okawaru
Qazlal
Ru
Sif Muna
Trog
Uskayaw
Vehumet
Wu Jian
Xom
Yredelemnul
Zin
The Shining One
Jiyva
Lugonu

Shops:
D =


Innate Abilities, Weirdness & Mutations

You are a hulking beast.
Your limbs bulge with bestial killing power. (Slay +7)
Your dull iron-grey scales are very hard. (AC +13)
You are amphibious.
You cannot fit into any form of body armour.
You are cold-blooded and may be slowed by cold attacks.
You have a pair of small horns on your head.
You occasionally lose the ability to drink potions when taking damage.


Message History

You feel sick.
The red draconian scorcher breathes fire at you.
The searing blast hits you!!!
Things that are here:
207 gold pieces; a +0 spear You punch the red draconian scorcher!
Your punch misses the red draconian scorcher.
The red draconian scorcher is lightly wounded.
You are engulfed in blazing flames.
You feel sick.
The red draconian scorcher casts a spell at you.
The bolt of magma misses you.
You pummel the red draconian scorcher!!
You headbutt the red draconian scorcher!
The red draconian scorcher is severely wounded.
You are engulfed in blazing flames.
You feel sick.
The red draconian scorcher completely misses you.
You closely miss the red draconian scorcher.
You tail-slap the red draconian scorcher!
The red draconian scorcher is severely wounded.
You are engulfed in blazing flames.
* * * LOW HITPOINT WARNING * * *
You feel sick.
You hit the red draconian scorcher but do no damage.
You headbutt the red draconian scorcher.
You punch the red draconian scorcher.
The red draconian scorcher is almost dead.
You are engulfed in blazing flames.
* * * LOW HITPOINT WARNING * * *
You feel sick.
The red draconian scorcher barely misses you.
You feel sick.
The red draconian scorcher hits you but does no damage.
You hit the red draconian scorcher but do no damage.
You punch the red draconian scorcher!
The red draconian scorcher is almost dead.
The red draconian scorcher breathes fire at you.
The searing blast hits you!!!
You feel threatened and lose the ability to drink potions!
You die...
Your body crumbles into a pile of gold.

###################+#
.................q..#
................h☼..#
##++##############..#
#..# #..# #..# #..#
#..# #..# #..#


You could see a red draconian scorcher (catching breath).

Vanquished Creatures
  A deep elf sorcerer (D)
  A balrug (D)
  A minotaur (D)
  A fire dragon (D)
  A merfolk javelineer (D)
  An ice dragon (D)
  An anaconda (D)
  A death yak (D)
  A demonic crawler (D)
  A shadow wraith (D)
  A fire crab (D)
  A flayed ghost (D)
  A deep troll (D)
  A bog body (D)
  A manticore (D)
  2 deep elf pyromancers (D)
  4 slime creatures (D)
  A guardian serpent (D)
  A black mamba (D)
  A naga mage (D)
  A gargoyle (D)
  A cane toad (D)
  A yaktaur (D)
  A kobold demonologist (D)
  An efreet (D)
  A freezing wraith (D)
  A rime drake (D)
  An ice devil (D)
  4 merfolk (D)
  A polar bear (D)
  4 dream sheep (D)
  A snapping turtle (D)
  Prince Ribbit (D)
  A jumping spider (D)
  A culicivora (D)
  A spriggan (D)
  2 fire bats (D)
  A ynoxinul (D)
  A wyvern (D)
  2 basilisks (D)
  3 redbacks (D)
  2 steam dragons (D)
  A floating eye (D)
  An ogre (D)
  5 wolves (D)
  A centaur (D)
  A phantom (D)
  A kobold brigand (D)
  A scorpion (D)
  7 wights (D)
  3 killer bees (D)
  A hound (D)
  2 orc priests (D)
  2 orc wizards (D)
  A mummy (D)
  2 adders (D)
  A river rat (D)
  An ufetubus (D)
  An adder zombie (D)
  An adder skeleton (D)
  A worm (D)
  5 orcs (D)
  A bat simulacrum (D)
  2 endoplasms (D)
  A giant cockroach (D)
  4 jackals (D)
  3 quokkas (D)
  A bat (D)
  A goblin (D)
  4 kobolds (D)
  A quokka skeleton (D)
  2 rats (D)
116 creatures vanquished.

Vanquished Creatures (others)
  An orc priest (D)
1 creature vanquished.

Grand Total: 117 creatures vanquished

Notes
Turn   | Place    | Note
-------+----------+-------------------------------------------
     0 | D        | rocky1 the Draconian Shapeshifter began the quest for the
                  | Orb.
     0 | D        | Reached XP level 1. HP: 16/16 MP: 1/1
    17 | D        | Reached XP level 2. HP: 22/25 MP: 2/2
    21 | D        | Found a bloodstained altar of Trog.
    21 | D        | Found a shimmering blue altar of Sif Muna.
    21 | D        | Found a viscous altar of Jiyva.
    21 | D        | Found a hazy altar of Hepliaklqana.
    21 | D        | Found an opulent altar of Gozag.
    22 | D        | Found a glowing golden altar of the Shining One.
    22 | D        | Found a glowing silver altar of Zin.
    22 | D        | Found a basalt altar of Yredelemnul.
    22 | D        | Found a shimmering altar of Xom.
    22 | D        | Found an ornate altar of the Wu Jian Council.
    22 | D        | Found a sacrificial altar of Ru.
    22 | D        | Found a stormy altar of Qazlal.
    22 | D        | Found an iron altar of Okawaru.
    22 | D        | Found a sparkling altar of Nemelex Xobeh.
    22 | D        | Found a burning altar of Makhleb.
    22 | D        | Found a blossoming altar of Fedhas.
    22 | D        | Found a white marble altar of Elyvilon.
    22 | D        | Found a shadowy altar of Dithmenos.
    22 | D        | Found a snail-covered altar of Cheibriados.
    25 | D        | Found a corrupted altar of Lugonu.
    25 | D        | Found a radiant altar of Vehumet.
    26 | D        | Found an ancient bone altar of Kikubaaqudgha.
    26 | D        | Found a hide-covered altar of Uskayaw.
    26 | D        | Found a broken altar of Ashenzari.
    29 | D        | Became a worshipper of Gozag Ym Sagoz the Greedy
    89 | D        | Reached skill level 4 in Unarmed Combat
   195 | D        | Reached XP level 3. HP: 31/31 MP: 3/3
   537 | D        | Noticed Prince Ribbit
   538 | D        | Noticed a wight
   545 | D        | Killed Prince Ribbit
   546 | D        | Reached skill level 6 in Unarmed Combat
   546 | D        | Reached skill level 5 in Shapeshifting
   546 | D        | Reached XP level 4. HP: 20/45 MP: 4/4
   546 | D        | Reached XP level 5. HP: 23/51 MP: 5/5
   548 | D        | Reached skill level 7 in Unarmed Combat
   561 | D        | Reached XP level 6. HP: 50/60 MP: 6/6
   573 | D        | Reached skill level 5 in Dodging
   582 | D        | Reached skill level 8 in Unarmed Combat
   911 | D        | Noticed a basilisk
   915 | D        | Killed a basilisk
   916 | D        | Your scales start taking on a dull iron-grey colour.
   916 | D        | Reached XP level 7. HP: 70/70 MP: 7/7
  1253 | D        | Noticed a fire bat
  1258 | D        | Killed a fire bat
  1259 | D        | Reached skill level 9 in Unarmed Combat
  1264 | D        | Reached skill level 10 in Fighting
  1554 | D        | Noticed a freezing wraith
  1566 | D        | Killed a freezing wraith
  1567 | D        | Reached skill level 10 in Unarmed Combat
  1567 | D        | Reached XP level 8. HP: 17/81 MP: 8/8
  2009 | D        | Gained mutation: You are clumsy. (Dex -2) [potion of
                  | mutation]
  2009 | D        | Gained mutation: You are covered in fur. (AC +1) [potion of
                  | mutation]
  2089 | D        | Noticed a gargoyle
  2089 | D        | Noticed an efreet
  2093 | D        | Killed an efreet
  2103 | D        | Killed a gargoyle
  2104 | D        | Reached skill level 11 in Unarmed Combat
  2117 | D        | Noticed a rime drake
  2121 | D        | Killed a rime drake
  2121 | D        | Paralysed by a floating eye for 3 turns
  2122 | D        | Reached XP level 9. HP: 52/90 MP: 9/9
  2465 | D        | Noticed a flayed ghost
  2477 | D        | Killed a flayed ghost
  2478 | D        | Reached skill level 12 in Unarmed Combat
  2478 | D        | Reached skill level 10 in Shapeshifting
  2784 | D        | Noticed a deep elf pyromancer
  2794 | D        | Killed a deep elf pyromancer
  3025 | D        | Killed a shadow wraith
  3026 | D        | Reached skill level 13 in Unarmed Combat
  3026 | D        | Reached XP level 10. HP: 58/103 MP: 10/10
  3329 | D        | Noticed a merfolk javelineer
  3331 | D        | Noticed a cane toad
  3352 | D        | Killed a cane toad
  3353 | D        | Reached skill level 14 in Unarmed Combat
  3368 | D        | Killed a merfolk javelineer
  3613 | D        | Noticed an ice dragon
  3624 | D        | Reached skill level 15 in Fighting
  3624 | D        | Reached skill level 1 in Throwing
  3624 | D        | Reached skill level 10 in Dodging
  3629 | D        | Killed an ice dragon
  3630 | D        | Reached skill level 15 in Unarmed Combat
  3636 | D        | Noticed a death yak
  3650 | D        | Reached XP level 11. HP: 73/113 MP: 11/11
  3655 | D        | Killed a death yak
  3974 | D        | Noticed a minotaur
  3981 | D        | Noticed a bog body
  3985 | D        | Noticed a deep elf pyromancer
  3990 | D        | Noticed a demonic crawler
  3993 | D        | Noticed a soul eater
  3999 | D        | Killed a minotaur
  4000 | D        | Reached skill level 16 in Unarmed Combat
  4003 | D        | Killed a deep elf pyromancer
  4009 | D        | Killed a bog body
  4010 | D        | Reached skill level 5 in Throwing
  4030 | D        | Noticed a sun demon
  4030 | D        | Killed a demonic crawler
  4039 | D        | Reached skill level 17 in Unarmed Combat
  4252 | D        | Bought an amulet of regeneration for 450 gold pieces
  4252 | D        | Bought a +5 ring of evasion for 540 gold pieces
  4252 | D        | Bought a +6 ring of dexterity for 540 gold pieces
  4393 | D        | Noticed a fire crab
  4400 | D        | Killed a fire crab
  4430 | D        | Lost mutation: You are clumsy. (Dex -2) [potion of
                  | mutation]
  4430 | D        | Lost mutation: You are covered in fur. (AC +1) [potion of
                  | mutation]
  4430 | D        | Gained mutation: You have a pair of small horns on your
                  | head. [potion of mutation]
  4430 | D        | Gained mutation: You have hidden genetic defects. [potion
                  | of mutation]
  4430 | D        | Gained mutation: You are covered in fur. (AC +1) [potion of
                  | mutation]
  4430 | D        | Gained mutation: Your muscles are strong. (Str +4, Int/Dex
                  | -1) [potion of mutation]
  4431 | D        | Lost mutation: You are covered in fur. (AC +1) [potion of
                  | mutation]
  4431 | D        | Lost mutation: You have a pair of small horns on your head.
                  | [potion of mutation]
  4431 | D        | Lost mutation: Your muscles are strong. (Str +4, Int/Dex
                  | -1) [potion of mutation]
  4431 | D        | Gained mutation: You have large cloven feet. [potion of
                  | mutation]
  4432 | D        | Lost mutation: You have large cloven feet. [potion of
                  | mutation]
  4432 | D        | Lost mutation: You have hidden genetic defects. [potion of
                  | mutation]
  4432 | D        | Gained mutation: You have a pair of small horns on your
                  | head. [potion of mutation]
  4432 | D        | Gained mutation: You occasionally lose the ability to drink
                  | potions when taking damage. [potion of mutation]
  4782 | D        | Noticed an anaconda
  4782 | D        | Noticed a balrug
  4782 | D        | Noticed a fire dragon
  4787 | D        | Killed an anaconda
  4791 | D        | Killed a balrug
  4792 | D        | Reached skill level 18 in Unarmed Combat
  4792 | D        | Reached XP level 12. HP: 125/125 MP: 12/12
  4796 | D        | Killed a fire dragon
  5492 | D        | Noticed a deep elf sorcerer
  5501 | D        | Killed a deep elf sorcerer
  5502 | D        | Reached skill level 19 in Unarmed Combat
  5502 | D        | Noticed a red draconian scorcher
  5546 | D        | Killed from afar by a red draconian scorcher

Illustrated notes

Levels and vault maps discovered:
D:        pitsprint [storerooms_1, entrance_room_1, metal_vault_2, armoury_2,
          mini_pit_1, grid_room_1, main_hall_1, silver_pit, the_coven_3,
          the_vestibule_1, steel_vault_2, golden_pit, hallway_of_sentries,
          crystal_vault_6, iron_vault_1, final_vault]

Skill      XL: |  1  2  3  4  5  6  7  8  9 10 11 12 |
---------------+-------------------------------------+-----
Fighting       | 2 3 6 7 9 10 12 14 15 17 | 17.6
Dodging        | 2 4 5 6 7 8 10 12 | 12.9
Unarmed Combat | 4 6 7 8 10 11 13 15 18 19 | 19.0
Shapeshifting  | 4 5 6 7 8 9 11 | 11.2
Throwing       | 3 7 8 |  8.5

Action                     |  1- 3 |  4- 6 |  7- 9 | 10-12 || total
---------------------------+-------+-------+-------+-------++-------
  Melee: Unarmed           |    30 |    32 |    88 |   216 ||   366
         Tailslap          |     1 |     4 |    15 |    31 ||    51
         Punch             |     1 |     1 |     2 |    19 ||    23
         Headbutt          |       |       |       |    11 ||    11
  Throw: Boomerang         |       |       |       |     2 ||     2
 Invoke: Potion Petition   |       |       |     1 |     4 ||     5
         Call Merchant     |       |       |       |     1 ||     1
    Use: Potion            |     2 |     3 |     2 |     9 ||    16
   Stab: Distracted        |       |     2 |     2 |     1 ||     5
 Armour: Skin              |     4 |     2 |    19 |    37 ||    62
  Dodge: Dodged            |    23 |    11 |    65 |   203 ||   302

Table legend: (Time is in decaauts)
 A = Elapsed time spent in this place.
 B = Non-inter-level travel time spent in this place.
 C = Inter-level travel time spent in this place.
 D = Time resting spent in this place.
 E = Time spent auto-exploring this place.
 F = Levels seen in this place.
 G = Mean time per level.
                   A        B        C        D        E       F      G
               +--------+--------+--------+--------+--------+-----+--------+
         Total |   5462 |   5366 |     96 |   4263 |     11 |   1 | 5462.0 |
       Dungeon |   5462 |   5366 |     96 |   4263 |     11 |   1 | 5462.0 |
               +--------+--------+--------+--------+--------+-----+--------+

Top non-repeatable levels by time:
       D: 5462 daAuts
